 Dungeon Crawl Stone Soup version 0.23-a0-183-gf37f6fb (webtiles) character file.

53 namelastname112 the Sneak (level 3, -1/30 HPs)
             Began as a Draconian Assassin on Sept 21, 2018.
             Slain by an adder (3 damage)
             ... on level 3 of the Dungeon.
             The game lasted 00:02:10 (1226 turns).

namelastname112 the Sneak (Draconian Assassin)      Turns: 1226, Time: 00:02:11

Health: -1/30      AC:  7    Str: 13    XL:     3   Next: 64%
Magic:  3/3        EV: 12    Int: 11    God:
Gold:   111        SH:  0    Dex: 13    Spells: 2/2 levels left

rFire    . . .     SeeInvis .   a - +2 dagger
rCold    . . .     Gourm    .   (no shield)
rNeg     . . .     Faith    .   (armour unavailable)
rPois    .         Spirit   .   (helmet restricted)
rElec    .         Reflect  .   c - +0 cloak
rCorr    .         Harm     .   m - +0 pair of gloves
MR       .....                  (no boots)
Stlth    +++.......             j - amulet of inaccuracy (curse)
HPRegen  0.10/turn              (no ring)
MPRegen  0.08/turn              (no ring)

@: lethally poisoned (-1 -> -8)
A: unfitting armour, cold-blooded, AC +5
a: no special abilities


You were on level 3 of the Dungeon.
You were very hungry.

You visited 1 branch of the dungeon, and saw 4 of its levels.

You collected 111 gold pieces.

Inventory:

Hand Weapons
 a - a +2 dagger (weapon)
 b - a +0 blowgun
 h - a +0 dagger of pain
Missiles
 d - 36 poisoned needles
 e - 2 curare-tipped needles
Armour
 c - a +0 cloak (worn)
 m - a +0 pair of gloves (worn)
Jewellery
 j - a cursed amulet of inaccuracy (around neck)
 n - an uncursed amulet of rage {unknown}
Scrolls
 g - 2 scrolls of identify
 k - a scroll of magic mapping
Potions
 i - 3 potions of ambrosia
 l - a potion of resistance {unknown}
Comestibles
 f - 6 rations


   Skills:
 + Level 2.6 Fighting
 * Level 2.7 Short Blades
 + Level 2.0 Throwing
 + Level 1.3 Dodging
 * Level 4.1 Stealth


You had 2 spell levels left.
You didn't know any spells.
Your spell library contained the following spells:

 Spells                   Type           Power        Failure   Level  Hunger
 Animate Skeleton         Necr           N/A          34%         1    ##.....
 Apportation              Tloc           #.....       34%         1    ##.....
 Confusing Touch          Hex            #.....       34%         1    ##.....
 Summon Small Mammal      Summ           #...         34%         1    ##.....


Dungeon Overview and Level Annotations

Branches:
Dungeon (4/15)
 Temple: D:4-7

Altars:
Gozag
Kikubaaqudgha
Ru

Shops:
D:4 *


Innate Abilities, Weirdness & Mutations

Your plain brown scales are hard. (AC +5)
You cannot fit into any form of body armour.
You are cold-blooded and may be slowed by cold attacks.


Message History

The adder bites you but does no damage.
You completely miss the adder.
The adder is heavily wounded.
You feel sick. The adder closely misses you.
You take 1 damage, and have 10/30 hp.
You hit the adder.
The adder is severely wounded.
You feel sick. The adder closely misses you. The adder bites you.
* * * LOW HITPOINT WARNING * * *
You take 5 damage, and have 5/30 hp.
You barely miss the adder.
Your tail-slap misses the adder.
The adder is severely wounded.
The adder bites you.
* * * LOW HITPOINT WARNING * * *
You take 2 damage, and have 3/30 hp.
You miss the adder.
Your tail-slap misses the adder.
The adder is severely wounded.
* * * LOW HITPOINT WARNING * * *
You feel sick. The adder bites you.
You die...

#.##...#
#†##...#
#.####.##...#
.............#
#.#.###.##...#
... #.##...# ..
#.###'## .. #.#
#.# . #.# #@#
.# #.# #S##.###
...###r.(...#
#............#
##.......#...#
#..###..#......
#. #... .##.. #
#..#... . #..#.
..


You could see an adder and a rat.

Vanquished Creatures
  2 oozes
  A dart slug (D:3)
  3 leopard geckos (D:1)
  An orc (D:4)
  A giant cockroach (D:2)
  4 goblins
  5 hobgoblins
  2 jackals (D:1)
  2 bats
  2 frilled lizards
  10 kobolds
  4 rats
37 creatures vanquished.

Notes
Turn   | Place    | Note
-------+----------+-------------------------------------------
     0 | D:1      | namelastname112 the Draconian Assassin began the quest for
                  | the Orb.
     0 | D:1      | Reached XP level 1. HP: 17/17 MP: 1/1
    34 | D:1      | Reached skill level 1 in Dodging
   218 | D:1      | Reached XP level 2. HP: 25/25 MP: 2/2
   620 | D:1      | Reached skill level 4 in Stealth
   837 | D:2      | Reached XP level 3. HP: 30/30 MP: 3/3
   897 | D:2      | Found an ancient bone altar of Kikubaaqudgha.
   904 | D:2      | Found a sacrificial altar of Ru.
   906 | D:2      | Found an opulent altar of Gozag.
   982 | D:2      | You fall through a shaft for 2 floors!
  1096 | D:4      | Found Jogudaod's General Store.
  1226 | D:3      | Slain by an adder

Vault maps used:
D:1:      kennysheep_arrival_seaside, minmay_tall_x
D:2:      bloody_makhleb, minitemple, first_ration, minmay_hexomino_p4,
          uniq_crazy_yiuf_cottage
D:3:      uniq_grinder
D:4:      kennysheep_little_box, lemuel_doored_altar, serial_shops, shop,
          minivault_27, uniq_eustachio, uniq_natasha

Skill      XL: |  1  2 |
---------------+-------+-----
Dodging        | 1 |  1.3
Stealth        | 4 |  4.1
Throwing       | 2 |  2.0
Fighting       | |  2.6
Short Blades   | |  2.7

Action                   || total
-------------------------++-------
Melee: Dagger            ||   116
       Tailslap          ||    17
  Use: Scroll            ||     3
 Stab: Sleeping          ||     6
Armor: Skin              ||    27
Dodge: Dodged            ||    69

Table legend:
 A = Non-vault XP
 B = Vault XP
 C = Vault XP percentage of total XP
 D = Non-vault monster count
 E = Vault monster count
 F = Vault count percentage of total count
                 A         B        C        D         E       F
            +---------+---------+-------+---------+---------+-------
      Total |      70 |       7 |   9.1 |      33 |       4 |  10.8
            +---------+---------+-------+---------+---------+-------
        D:1 |      33 |       7 |  17.5 |      19 |       4 |  17.4
        D:2 |      18 |       0 |   0.0 |       8 |       0 |   0.0
        D:3 |      16 |       0 |   0.0 |       5 |       0 |   0.0
        D:4 |       3 |       0 |   0.0 |       1 |       0 |   0.0
            +---------+---------+-------+---------+---------+-------
